 Dungeon Crawl Stone Soup version 0.28.0-45-g0d030f2227 (webtiles) character file.

Game seed: 5824102878056817712

102 hawla the Stinger (level 4, 0/52 HPs)
             Began as a Draconian Venom Mage on Apr 24, 2022.
             Slain by a scorpion (5 damage)
             ... on level 3 of the Dungeon.
             The game lasted 00:06:08 (2975 turns).

hawla the Stinger (Draconian Venom Mage)            Turns: 2975, Time: 00:06:08

Health: 0/52       AC: 22    Str: 10    XL:     4   Next: 50%
Magic:  0/8        EV:  2    Int: 18    God:
Gold:   77         SH:  0    Dex: 11    Spells: 1/8 levels left

rFire   . . .      SeeInvis .   a - +2 dagger (speed)
rCold   . . .      Faith    .   (no shield)
rNeg    . . .      Spirit   .   (armour unavailable)
rPois   +          Reflect  .   (helmet currently unavailable)
rElec   .          Harm     .   (cloak currently unavailable)
rCorr   .          Rampage  .   (gloves currently unavailable)
Will    .....      NoTele   +   (boots currently unavailable)
Stlth   ++........              (no amulet)
HPRegen 0.17/turn               (no ring)
MPRegen 0.11/turn               (no ring)

@: mighty, tree-form, very slightly contaminated
A: stationary, stasis, torment immunity, boosted hp, AC +5, unfitting armour,
(cold-blooded)
a: no special abilities


You were on level 3 of the Dungeon.
You were a tree.
You visited 1 branch of the dungeon, and saw 3 of its levels.

You collected 77 gold pieces.

Inventory:

Hand Weapons
 a - a +2 dagger of speed (weapon)
Scrolls
 b - a scroll of acquirement {unknown}
Potions
 c - a potion of lignification
 f - a potion of might


   Skills:
 + Level 1.1 Fighting
 + Level 1.9 Dodging
 + Level 1.9 Stealth
 + Level 2.8 Spellcasting
 + Level 1.2 Transmutations
 + Level 1.4 Air Magic
 + Level 4.0 Poison Magic


You had one spell level left.
You knew the following spells:

 Your Spells              Type           Power      Damage    Failure   Level
a - Sting                 Tmut/Pois      48%        1d5       5%          1
b - Poisonous Vapours     Pois/Air       24%        N/A       9%          2
c - Olgreb's Toxic Radia  Pois           17%        N/A       32%         4

Your spell library contained the following spells:

 Spells                   Type           Power      Damage    Failure   Level
 Summon Small Mammal      Summ           8%         N/A       17%         1
 Mephitic Cloud           Conj/Pois/Air  9%         N/A       24%         3
 Call Canine Familiar     Summ           2%         N/A       45%         3
 Summon Guardian Golem    Hex/Summ       2%         N/A       45%         3


Dungeon Overview and Level Annotations

Branches:
Dungeon (3/15)

Altars:


Innate Abilities, Weirdness & Mutations

You are a tree.
Your roots penetrate the ground, keeping you stationary.
You cannot be teleported.
You are immune to unholy pain and torment.
Your maximum health is greatly increased.
Your equipment is partially melded.
((Your plain brown scales are hard. (AC +5)))
You cannot fit into any form of body armour.
((You are cold-blooded and may be slowed by cold attacks.))


Message History

You are poisoned.
You feel sick.
Casting: Olgreb's Toxic Radiance (extremely dangerous; 32% risk of failure)
Confirm with . or Enter, or press ? or * to list all spells.
The spell is extremely dangerous to miscast (32% risk of failure)!
Continue anyway?
You miscast Olgreb's Toxic Radiance.
You feel incredibly sick!
You are more poisoned.
* * * LOW HITPOINT WARNING * * *
x2 You feel sick.
Unknown command.
It was a potion of lignification.
You turn into a tree.
Your roots penetrate the ground.
You feel sick.
It was a potion of might.
You feel very mighty all of a sudden.
You feel sick.
You feel sick.
You feel sick.
You closely miss the scorpion.
The scorpion stings you but does no damage.
You closely miss the scorpion.
You feel sick.
The scorpion stings you but does no damage.
You closely miss the scorpion.
You feel sick.
The scorpion stings you but does no damage.
You completely miss the scorpion.
The scorpion stings you but does no damage.
Casting: Olgreb's Toxic Radiance (quite dangerous; 32% risk of failure)
Confirm with . or Enter, or press ? or * to list all spells.
Aiming: Sting (safe; 5% risk of failure)
Press: ? - help, Shift-Dir - straight line, f - scorpion
Aim: a scorpion (71% to hit)
You miscast Sting.
Nothing appears to happen.
You feel sick.
You are no longer poisoned.
The scorpion stings you but does no damage.
You hit the scorpion.
The scorpion is heavily wounded.
The scorpion stings you but does no damage.
You hit the scorpion.
The scorpion is severely wounded.
The scorpion stings you.
You die...

. ..#.. #.#.# #.#.#
#.#.# # ###########
#.#.# .#
..........###.#.###.#
....................#.#.
......>.................
..........####..♣s......
..........# #.######.#.
..........# #.#
..........# #.#
..........# #.#
..........# #.# #.


You could see a scorpion.

Vanquished Creatures
  4 gnolls (D:2)
  2 adders (D:2)
  A dart slug (D:1)
  4 ball pythons
  4 bats
  6 endoplasms
  4 giant cockroaches
  2 goblins
  5 hobgoblins
  4 kobolds
  2 quokkas
  2 frilled lizards
  2 rats (D:1)
42 creatures vanquished.

Notes
Turn   | Place    | Note
-------+----------+-------------------------------------------
     0 | D:1      | hawla the Draconian Venom Mage began the quest for the Orb.
     0 | D:1      | Reached XP level 1. HP: 14/14 MP: 3/3
   302 | D:1      | Reached XP level 2. HP: 20/20 MP: 3/5
   305 | D:1      | Learned a level 2 spell: Poisonous Vapours
  1478 | D:2      | Reached XP level 3. HP: 26/26 MP: 2/6
  1789 | D:2      | HP: 1/26 [gnoll/+0 flail (4)]
  1791 | D:2      | Reached skill level 1 in Fighting
  1797 | D:2      | Reached XP level 4. HP: 22/35 MP: 2/8
  1972 | D:2      | Learned a level 4 spell: Olgreb's Toxic Radiance
  1999 | D:2      | Reached skill level 4 in Poison Magic
  2220 | D:2      | Reached skill level 1 in Air Magic
  2960 | D:3      | Noticed a scorpion
  2975 | D:3      | Slain by a scorpion

Illustrated notes

Levels and vault maps discovered:
D:1:      dpeg_arrival_court, layout_loops_cross
D:2:      layout_loops_corners, kennysheep_generic_room_16
D:3:      layout_basic, regret_index_temple_of_mockery,
          mainiacjoe_overflow_swirl, serial_shops, shop_fountains,
          hangedman_decor_push

Skill      XL: |  1  2  3  4 |
---------------+-------------+-----
Fighting       | 1 |  1.1
Poison Magic   | 4 |  4.0
Air Magic      | 1 |  1.4
Dodging        | |  1.9
Stealth        | |  1.9
Spellcasting   | |  2.8
Transmutations | |  1.2

Action                   |  1- 3 |  4- 6 || total
-------------------------+-------+-------++-------
Melee: Unarmed           |    24 |       ||    24
       Tailslap          |     3 |       ||     3
       Dagger            |    10 |    22 ||    32
 Cast: Sting             |    42 |     9 ||    51
       Poisonous Vapours |    10 |     5 ||    15
       Olgreb's Toxic Ra |       |     2 ||     2
  Use: Scroll            |     2 |     2 ||     4
       Potion            |     2 |     2 ||     4
Armor: Skin              |    11 |    13 ||    24
Dodge: Dodged            |    29 |     8 ||    37
